 Dungeon Sprint DCSS version 0.31-a0-986-g5e6e4ef867 (webtiles) character file.

Game seed: 1140180082537019444

2800000 Monkooky the Conqueror (level 20, -74/197 HPs)
             Began as a Demonspawn Warper on Nov 23, 2023.
             Was the Champion of Makhleb.
             Annihilated by a large bag of meat
             ... wielding a +9 giant spiked club
              (118 damage)
             ... in the Dungeon (Sprint VIII: "Arena of Blood").
             The game lasted 00:02:21 (28 turns).

Monkooky the Conqueror (Demonspawn Warper)            Turns: 28, Time: 00:02:22

Health: -74/197    AC: 10    Str: 13    XL:     20   Next: 95%
Magic:  38/51      EV: 36    Int: 15    God:    Makhleb [******]
Gold:   0          SH:  0    Dex: 20    Spells: 73/73 levels left

rFire   . . .        j - +∞ Axe of Woe
rCold   . . .        (shield currently unavailable)
rNeg    . . .        b - +0 leather armour
rPois   .            (no helmet)
rElec   .            (no cloak)
rCorr   +            (gloves unavailable)
SInv    .            (no boots)
Will    +....        (no amulet)
Stlth   +            (no ring)
HPRegen 0.52/turn    (no ring)
MPRegen 0.32/turn

%: no teleportation
@: mighty, agile
A: claws 3, yellow scales 3, demonic guardian 2, powered by pain 2
a: Renounce Religion, Minor Destruction, Lesser Servant of Makhleb, Major
Destruction, Greater Servant of Makhleb


You were in the Dungeon.
You worshipped Makhleb.
Makhleb was exalted by your worship.
You visited 1 branch

Inventory:

Hand Weapons
 a - a +0 hand axe
 j - the +∞ Axe of Woe (weapon)
   (You found it in the Dungeon)
Missiles
 d - 7 darts of dispersal (quivered)
Armour
 b - a +0 leather armour (worn)
Scrolls
 c - a scroll of blinking
Potions
 e - a potion of curing
 f - a potion of heal wounds
 g - a potion of haste
 h - 2 potions of magic
 i - a potion of berserk rage


   Skills:
 O Level 27 Fighting
 O Level 27 Axes
 O Level 27 Throwing
 O Level 27 Armour
 O Level 27 Dodging
 O Level 27 Spellcasting
 O Level 27 Translocations
 O Level 27 Invocations


You had 73 spell levels left.
You didn't know any spells.
Your spell library contained the following spells:

 Spells                   Type           Power      Damage    Failure   Level
 Blink                    Tloc           100%       N/A       0%          2
 Lesser Beckoning         Tloc           100%       N/A       0%          2
 Teleport Other           Tloc           79%        N/A       0%          3
 Manifold Assault         Tloc           79%        N/A       0%          4
 Vhi's Electric Charge    Tloc/Air       100%       N/A       1%          4


Dungeon Overview and Level Annotations

Branches:
Dungeon (1/1)

Altars:
Makhleb


Innate Abilities, Weirdness & Mutations

You have claws for hands.
You are completely covered in yellow scales. (AC +4, rCorr)
A demonic guardian rushes to your aid.
You sometimes gain power by taking damage.


Message History

You kill the meat berserker!
Makhleb accepts your kill.
You feel better.
You hit the bag of meat. You chop the bag of meat into pieces.
You kill the bag of meat!
Makhleb accepts your kill.
You slice the large bag of meat!!
Flame seeps out of the large bag of meat.
You butcher the large bag of meat messily.
Makhleb accepts your kill.
You slash the bag of meat!
You fatally mangle the bag of meat.
You kill the bag of meat!
Makhleb accepts your kill.
The large bag of meat explodes!
The fiery explosion engulfs the bag of meat!! x2
The fiery explosion engulfs you!!
You focus on the pain.
You feel very mighty all of a sudden.
You are engulfed in blazing flames.
You hear a shout! x3; You hear two shouts!
You hear a shout! x2
A meat berserker comes into view. It is wielding a +9 battleaxe.
You have mastered Throwing!
Unknown command.
Unknown command.
Unknown command.
The eight-headed meat hydra appears out of thin air!
An eight-headed meat hydra comes into view.
The eight-headed meat hydra roars!
You hear a shout!
The large bag of meat completely misses you.
The large bag of meat hits you with a +9 giant spiked club!!!!
Ouch! That really hurt!
* * * LOW HITPOINT WARNING * * *
A demonic guardian appears!
You focus on the pain.
You feel your power returning.
The bag of meat is engulfed in blazing flames.
A bag of meat comes into view. It is wielding a +9 war axe.
The bag of meat is engulfed in blazing flames.
The bag of meat misses you.
The meat berserker rages.
The large bag of meat hits you with a +9 giant spiked club!!!!
Ouch! That really hurt!
You die... ooo.# o.........
Oo.o. ......... .oDo#

.........
###..V#.........
##..oO..#o.o.....
o....oOo§o.......
#....oooo...... ..
#..Oo3§..#... .#
.....#@)O..#... ..#
..#..OooV###... ..###.
.......oo.o....###......
.....O.#..o....._......
.....#....o..#.....#
###.........)#_O<._#
...#.......#.....#. ...
..#....)).._O.....
.......))O###......


You could see an eight-headed meat hydra, 2 destroyers, 2 large bags of meat, 4
meat berserkers, 23 bags of meat and a friendly smoke demon (summoned).

Vanquished Creatures
  A vampire knight (D)
  15 ogres (D)
  2 two-headed ogres (D)
  23 orcs (D)
41 creatures vanquished.

Notes
Turn   | Place    | Note
-------+----------+-------------------------------------------
     0 | D        | Found the +∞ Axe of Woe
     0 | D        | Monkooky the Demonspawn Warper began the quest for the Orb.
     0 | D        | Reached XP level 1. HP: 16/16 MP: 3/3
     1 | D        | Noticed a bag of meat
     3 | D        | Became a worshipper of Makhleb the Destroyer
     5 | D        | Noticed a bag of meat
     5 | D        | Noticed a bag of meat
     6 | D        | Noticed a bag of meat
     6 | D        | Noticed a bag of meat
     6 | D        | Noticed a meat berserker
     8 | D        | Killed a bag of meat
     8 | D        | Noticed a bag of meat
     8 | D        | Noticed a bag of meat
     9 | D        | Gained mutation: You sometimes gain a little power by
                  | taking damage. [demonic ancestry]
     9 | D        | Reached XP level 2. HP: 5/22 MP: 5/5
     9 | D        | Gained mutation: You are partially covered in yellow
                  | scales. (AC +2) [demonic ancestry]
     9 | D        | Reached XP level 3. HP: 6/27 MP: 6/6
     9 | D        | Reached XP level 4. HP: 8/33 MP: 7/7
     9 | D        | Reached XP level 5. HP: 9/38 MP: 8/8
     9 | D        | Gained mutation: A weak demonic guardian rushes to your
                  | aid. [demonic ancestry]
     9 | D        | Reached XP level 6. HP: 11/44 MP: 9/9
     9 | D        | Reached XP level 7. HP: 12/50 MP: 10/10
     9 | D        | Reached XP level 8. HP: 14/56 MP: 11/11
     9 | D        | Gained mutation: A demonic guardian rushes to your aid.
                  | [demonic ancestry]
     9 | D        | Reached XP level 9. HP: 15/61 MP: 12/12
     9 | D        | Reached XP level 10. HP: 16/67 MP: 13/13
     9 | D        | Killed a bag of meat
     9 | D        | Reached * piety under Makhleb
     9 | D        | Killed a bag of meat
     9 | D        | Noticed a meat berserker
     9 | D        | Noticed a meat berserker
     9 | D        | Noticed a bag of meat
    10 | D        | Reached skill level 15 in Fighting
    10 | D        | Gained mutation: You are mostly covered in yellow scales.
                  | (AC +3) [demonic ancestry]
    10 | D        | Reached XP level 11. HP: 25/102 MP: 14/14
    10 | D        | Reached XP level 12. HP: 27/110 MP: 15/15
    10 | D        | Killed a meat berserker
    10 | D        | Noticed a bag of meat
    11 | D        | Reached XP level 13. HP: 84/126 MP: 16/16
    11 | D        | Killed a bag of meat
    11 | D        | Reached ** piety under Makhleb
    11 | D        | Noticed a meat berserker
    11 | D        | Noticed a bag of meat
    12 | D        | Killed a bag of meat
    12 | D        | Noticed a meat berserker
    12 | D        | Noticed a bag of meat
    12 | D        | Noticed a bag of meat
    13 | D        | Gained mutation: You have sharp fingernails. [demonic
                  | ancestry]
    13 | D        | Reached XP level 14. HP: 116/141 MP: 17/17
    14 | D        | Killed a meat berserker
    14 | D        | Killed a bag of meat
    14 | D        | Reached *** piety under Makhleb
    14 | D        | Noticed a meat berserker
    14 | D        | Noticed a meat berserker
    15 | D        | Noticed a bag of meat
    15 | D        | Noticed a bag of meat
    15 | D        | Noticed a bag of meat
    15 | D        | Noticed a bag of meat
    15 | D        | Noticed a bag of meat
    15 | D        | Noticed a bag of meat
    15 | D        | Noticed a bag of meat
    15 | D        | Noticed a bag of meat
    15 | D        | Noticed a meat berserker
    15 | D        | Noticed a bag of meat
    15 | D        | Noticed a meat berserker
    15 | D        | Noticed a bag of meat
    15 | D        | Noticed a meat berserker
    15 | D        | Noticed a bag of meat
    15 | D        | Noticed a meat berserker
    15 | D        | Noticed a bag of meat
    15 | D        | Noticed a meat berserker
    15 | D        | Noticed a meat berserker
    15 | D        | Noticed a bag of meat
    15 | D        | Noticed a bag of meat
    15 | D        | Noticed a bag of meat
    15 | D        | Noticed a large bag of meat
    15 | D        | Noticed a bag of meat
    15 | D        | Noticed a bag of meat
    15 | D        | Noticed a bag of meat
    16 | D        | Killed a bag of meat
    17 | D        | Gained mutation: You are completely covered in yellow
                  | scales. (AC +4, rCorr) [demonic ancestry]
    17 | D        | Reached XP level 15. HP: 154/158 MP: 18/18
    17 | D        | Noticed a meat berserker
    17 | D        | Killed a meat berserker
    17 | D        | Noticed a large bag of meat
    18 | D        | Reached skill level 27 in Fighting
    18 | D        | Killed a meat berserker
    18 | D        | Reached **** piety under Makhleb
    19 | D        | Reached skill level 27 in Dodging
    19 | D        | Killed a meat berserker
    19 | D        | Noticed a destroyer
    19 | D        | Noticed a meat berserker
    20 | D        | Reached skill level 27 in Axes
    20 | D        | Reached XP level 16. HP: 167/167 MP: 19/19
    20 | D        | Noticed a meat berserker
    20 | D        | Noticed a large bag of meat
    20 | D        | Noticed a destroyer
    21 | D        | Reached ***** piety under Makhleb
    21 | D        | Killed a meat berserker
    21 | D        | Killed a meat berserker
    22 | D        | Reached skill level 27 in Invocations
    22 | D        | Reached XP level 17. HP: 174/174 MP: 19/34
    22 | D        | Noticed a meat berserker
    22 | D        | Killed a meat berserker
    22 | D        | Killed a meat berserker
    22 | D        | Noticed a meat berserker
    23 | D        | Reached skill level 5 in Throwing
    23 | D        | Gained mutation: You have very sharp fingernails. [demonic
                  | ancestry]
    23 | D        | Reached XP level 18. HP: 182/182 MP: 19/35
    23 | D        | Killed a meat berserker
    23 | D        | Reached ****** piety under Makhleb
    23 | D        | Killed a meat berserker
    23 | D        | Killed a meat berserker
    24 | D        | Reached skill level 10 in Throwing
    24 | D        | Reached skill level 27 in Translocations
    24 | D        | Gained mutation: You have claws for hands. [demonic
                  | ancestry]
    24 | D        | Reached XP level 19. HP: 189/189 MP: 19/46
    24 | D        | Killed a destroyer
    24 | D        | Killed a meat berserker
    25 | D        | Reached skill level 27 in Spellcasting
    25 | D        | Noticed a meat berserker
    26 | D        | Killed a meat berserker
    26 | D        | Killed a large bag of meat
    26 | D        | Noticed a large bag of meat
    27 | D        | Reached skill level 27 in Armour
    27 | D        | Gained mutation: You sometimes gain power by taking damage.
                  | [demonic ancestry]
    27 | D        | Reached XP level 20. HP: 174/197 MP: 19/51
    27 | D        | Killed a meat berserker
    27 | D        | Killed a large bag of meat
    27 | D        | Noticed a meat berserker
    28 | D        | Reached skill level 27 in Throwing
    28 | D        | Noticed an eight-headed meat hydra
    28 | D        | Annihilated by a large bag of meat

Illustrated notes

Levels and vault maps discovered:
D:        meatsprint

Skill      XL: |  1  2  3  4  5  6  7  8  9 10 11 12 13 14 15 16 17 18 19 20 |
---------------+-------------------------------------------------------------+-----
Axes           | 23 27 | 27.0
Fighting       | 15 19 22 26 27 | 27.0
Dodging        | 12 16 18 22 27 | 27.0
Invocations    | 27 | 27.0
Throwing       | 3 5 10 23 27 | 27.0
Armour         | 4 7 13 27 | 27.0
Spellcasting   | 7 13 23 27 | 27.0
Translocations | 13 22 27 | 27.0

Action                     |  1- 3 |  4- 6 |  7- 9 | 10-12 | 13-15 | 16-18 | 19-21 || total
---------------------------+-------+-------+-------+-------+-------+-------+-------++-------
  Melee: Executioner's axe |     1 |       |       |     2 |     7 |     3 |     4 ||    17
    Use: Scroll            |       |       |       |       |     1 |       |       ||     1
 Armour: Leather armour    |     1 |       |       |       |       |     2 |     6 ||     9
  Dodge: Dodged            |       |       |       |       |       |       |     2 ||     2

Table legend: (Time is in decaauts)
 A = Elapsed time spent in this place.
 B = Non-inter-level travel time spent in this place.
 C = Inter-level travel time spent in this place.
 D = Time resting spent in this place.
 E = Time spent auto-exploring this place.
 F = Levels seen in this place.
 G = Mean time per level.
                   A        B        C        D        E       F      G
               +--------+--------+--------+--------+--------+-----+--------+
         Total |     23 |     23 |      0 |      0 |      0 |   1 |   23.0 |
       Dungeon |     23 |     23 |      0 |      0 |      0 |   1 |   23.0 |
               +--------+--------+--------+--------+--------+-----+--------+

Top non-repeatable levels by time:
       D: 23 daAuts
